 Dungeon Crawl Stone Soup version 0.29.1-15-g9cfb28693d (webtiles) character file.

Game seed: 2328016581670734387

109 chaostorm the Shooter (level 4, -4/27 HPs)
             Began as a Tengu Hunter on Apr 6, 2023.
             Slain by Natasha (5 damage)
             ... on level 2 of the Dungeon.
             The game lasted 00:12:30 (2620 turns).

chaostorm the Shooter (Tengu Hunter)                Turns: 2620, Time: 00:12:30

Health: -4/27      AC:  3    Str: 12    XL:     4   Next: 89%
Magic:  5/5        EV: 13    Int:  9    God:
Gold:   127        SH:  0    Dex: 19    Spells: 3/3 levels left

rFire   . . .      SeeInvis .   a - +0 shortbow
rCold   . . .      Faith    .   (shield currently unavailable)
rNeg    . . .      Spirit   .   c - +0 leather armour
rPois   .          Reflect  .   (helmet restricted)
rElec   .          Harm     .   (no cloak)
rCorr   .          Rampage  .   (no gloves)
Will    .....                   (boots unavailable)
Stlth   ++........              (no amulet)
HPRegen 0.09/turn               (no ring)
MPRegen 0.09/turn               (no ring)

@: no status effects
A: beak, talons 3
a: no special abilities


You were on level 2 of the Dungeon.
You visited 1 branch of the dungeon, and saw 2 of its levels.

You collected 127 gold pieces.

Inventory:

Hand Weapons
 a - a +0 shortbow (weapon)
Armour
 c - a +0 leather armour (worn)
Scrolls
 b - a scroll of immolation
 f - 5 scrolls of identify {unknown}
 g - a scroll of enchant weapon {unknown}
 h - 2 scrolls of teleportation {unknown}
 i - a scroll of magic mapping {unknown}
 k - 2 scrolls of poison {unknown}
Potions
 d - a potion of invisibility {unknown}
 e - a potion of resistance
 j - a potion of brilliance {unknown}
 l - a potion of heal wounds {unknown}
 m - 2 potions of curing {unknown}
 n - a potion of experience {unknown}


   Skills:
 + Level 2.9 Fighting
 * Level 5.5 Ranged Weapons
 + Level 1.2 Armour
 + Level 3.1 Dodging
 - Level 1.0 Stealth


You had 3 spell levels left.
You didn't know any spells.
Your spell library was empty.

Dungeon Overview and Level Annotations

Branches:
Dungeon (2/15) Zot: 9322

Altars:

Annotations:
D:2 Natasha


Innate Abilities, Weirdness & Mutations

You have a beak for a mouth.
You have claws for feet.


Message History

Aim: Natasha (heavily wounded, 58% to hit)
You shoot an arrow. The arrow barely misses Natasha.
The arrow hits the crimson imp.
You kill the crimson imp!
The crimson imp disappears in a puff of smoke!
Natasha claws you.
* * * LOW HITPOINT WARNING * * *
The crimson imp hits you but does no damage.
Natasha completely misses you. The crimson imp hits you.
* * * LOW HITPOINT WARNING * * *
Fire: a) +0 shortbow
Press: ? - help, Shift-Dir - straight line, f/p - Natasha
Aim: Natasha (heavily wounded, 58% to hit)
You shoot an arrow. The arrow barely misses Natasha.
The arrow hits the shadow imp.
The shadow imp is moderately wounded.
The crimson imp completely misses you. Natasha claws you.
* * * LOW HITPOINT WARNING * * *
Fire: a) +0 shortbow
Press: ? - help, Shift-Dir - straight line, f/p - Natasha
Aim: Natasha (heavily wounded, 58% to hit)
You shoot an arrow. The arrow closely misses Natasha.
The arrow hits the shadow imp!
You kill the shadow imp!
The shadow imp disappears in a puff of smoke!
Natasha barely misses you. The crimson imp closely misses you.
Fire: a) +0 shortbow
Press: ? - help, Shift-Dir - straight line, f/p - Natasha
Aim: Natasha (heavily wounded, 58% to hit)
You shoot an arrow. The arrow barely misses Natasha.
Natasha misses you. The crimson imp hits you.
* * * LOW HITPOINT WARNING * * *
Fire: a) +0 shortbow
Press: ? - help, Shift-Dir - straight line, f/p - Natasha
Aim: Natasha (heavily wounded, 58% to hit)
You shoot an arrow. The arrow closely misses Natasha.
Natasha claws you.
* * * LOW HITPOINT WARNING * * *
The crimson imp summons a swarm of flies.
The crimson imp blinks!
Natasha claws you.
You die...

#..........#.#.#h# #.#.###..#.#
##.#.#.#.#.#.#.#@# #.#.#....#.#
........(....#.#ยง# #.#.#.##.#.#
##.#.#.#.#.###.#.#####...........
...#.#.###.# #.#......##.#.......
####.#.# #.# #.#......##.####.###
.....#.#######.#......#..........
######.........#......#<.####.###
.........................# #.#
#################........# #.#
+..........#.............####.###
########+#.#.####................
....###....(.##########..####.###
......#..................#......#
......#.....###########.#.....#.#
......#.....# #.......#..####.#
......#.....# #.......#.......#


You could see Natasha and a crimson imp (summoned).

Vanquished Creatures
  Natasha (D:2)
  Robin (D:2)
  A worm (D:2)
  A dart slug (D:2)
  5 ball pythons
  4 endoplasms
  11 giant cockroaches
  14 goblins
  6 hobgoblins
  5 kobolds
  3 quokkas
  A bat (D:1)
  2 frilled lizards (D:2)
  3 rats
58 creatures vanquished.

Notes
Turn   | Place    | Note
-------+----------+-------------------------------------------
     0 | D:1      | chaostorm the Tengu Hunter began the quest for the Orb.
     0 | D:1      | Reached XP level 1. HP: 12/12 MP: 2/2
   125 | D:1      | Reached XP level 2. HP: 11/17 MP: 3/3
   335 | D:1      | Found a faded altar of an unknown god.
   887 | D:1      | Reached XP level 3. HP: 22/22 MP: 4/4
   921 | D:1      | Reached skill level 5 in Ranged Weapons
  2151 | D:2      | Noticed Natasha
  2155 | D:2      | Killed Natasha
  2156 | D:2      | Reached skill level 1 in Armour
  2156 | D:2      | Reached XP level 4. HP: 27/27 MP: 5/5
  2254 | D:2      | Noticed Robin
  2258 | D:2      | Killed Robin
  2604 | D:2      | Noticed Natasha
  2620 | D:2      | HP: 1/27 [Natasha (5)]
  2620 | D:2      | Slain by Natasha

Illustrated notes

Levels and vault maps discovered:
D:1:      minmay_arrival_plants_in_alcoves, layout_basic,
          ebering_ecumenical_altar_rust, minmay_worlds_worst_comb
D:2:      layout_basic, st_stairs_9, minmay_crystal_water, minmay_vboxes,
          uniq_robin, uniq_natasha

Skill      XL: |  1  2  3 |
---------------+----------+-----
Ranged Weapons | 5 |  5.5
Armour         | 1 |  1.2
Dodging        | 3 |  3.1
Fighting       | |  2.9
Stealth        | |  1.0

Action                   |  1- 3 |  4- 6 || total
-------------------------+-------+-------++-------
 Fire: Shortbow          |   103 |    61 ||   164
Armor: Leather armour    |     6 |     4 ||    10
Dodge: Dodged            |    31 |    20 ||    51
